 Dungeon Crawl Stone Soup version 0.19.1-1-g22dce08 (webtiles) character file.

83 dngmouse the Chopper (level 4, -3/40 HPs)
             Began as a Minotaur Fighter on Jan 13, 2017.
             Slain by a gnoll
             ... wielding a +0 halberd
              (8 damage)
             ... on level 3 of the Dungeon.
             The game lasted 00:05:36 (1060 turns).

dngmouse the Chopper (Minotaur Fighter)             Turns: 1060, Time: 00:05:37

Health: -3/40      AC:  9    Str: 22    XL:     4   Next: 22%
Magic:  3/3        EV:  7    Int:  5    God:
Gold:   88         SH:  9    Dex:  9    Spells: 0 memorised, 3 levels left

rFire  . . .     SeeInvis .     a - +0 war axe
rCold  . . .     Gourm    .     b - +0 scale mail
rNeg   + . .     Faith    .     c - +0 shield
rPois  .         Spirit   .     (helmet restricted)
rElec  .         Reflect  .     (no cloak)
rCorr  .         Harm     .     i - +1 pair of gloves
MR     .....                    (no boots)
Stlth  ..........               p - amulet of inaccuracy (curse)
                                t - ring of flight
                                e - ring of positive energy

@: no status effects
A: retaliatory headbutt, horns 2
a: Evoke Flight


You were on level 3 of the Dungeon.
You were not hungry.

You visited 1 branch of the dungeon, and saw 3 of its levels.

You collected 88 gold pieces.

Inventory:

Hand Weapons
 a - a +0 war axe (weapon)
Armour
 b - a +0 scale mail (worn)
 c - a +0 shield (worn)
 i - a +1 pair of gloves (worn)
Jewellery
 e - a ring of positive energy (left hand)
 n - an uncursed amulet of magic regeneration
 p - a cursed amulet of inaccuracy (around neck)
 t - a ring of flight (right hand)
Scrolls
 l - 3 scrolls of teleportation
 q - a scroll of fear
 u - a scroll of identify
 w - a scroll of magic mapping
Potions
 d - a potion of might
 j - a potion of resistance
 m - a potion of degeneration {unknown}
 o - a potion of heal wounds {unknown}
 r - a potion of cure mutation {unknown}
 s - a potion of mutation {unknown}
 v - a potion of haste {unknown}
Comestibles
 f - 3 bread rations
 g - 4 fruits
 h - a beef jerky
 k - 4 meat rations
 z - 2 chunks of flesh


   Skills:
 - Level 4.0 Fighting
 + Level 5.2 Axes
 - Level 3.6 Armour
 - Level 3.6 Shields


You had 3 spell levels left.
You didn't know any spells.

Dungeon Overview and Level Annotations

Branches:
Dungeon (3/15)

Altars:
Ashenzari
Fedhas
Trog
Uskayaw
Yredelemnul


Innate Abilities, Weirdness & Mutations

You reflexively headbutt those who attack you in melee.
You have a pair of horns on your head.


Message History

A gnoll comes into view. It is wielding a spear.
You see here a club.
The gnoll barely misses you. You furiously retaliate!
You headbutt the gnoll.
You see here a hunting sling.
You hit the gnoll but do no damage.
The gnoll is heavily wounded.
The gnoll hits you but does no damage. You block the gnoll's attack.
You slash the gnoll!
You kill the gnoll!
A gnoll comes into view. It is wielding a halberd.
You see here a spear.
The gnoll shouts!
The gnoll closely misses you. The gnoll hits you with a halberd!
* * * LOW HITPOINT WARNING * * *
You barely miss the gnoll. Your headbutt misses the gnoll.
The gnoll hits you but does no damage.
You closely miss the gnoll. You block the gnoll's attack.
You miss the gnoll. The gnoll hits you with a halberd!
You die...

#. #### ...#####
#...##...##.##...####
#...#)8.8.#.#.8.8.#..
#...#.._..#.#.._..#.#
#...#.8...#.#...8.#.# #
..##...'#.#'...##.#
####.##.#####...#####...
.........)).).⌠.........
....!$.@#####...#####..#
#####.g##...'#.#'...##..
...#.#.8...#.#...8.###
.... #.#.._..#.#.._..#..
... #.#.8.8.#.#.8.8.###
#. #.##...##.##...## #
#. #####... #### #. ...
#..


You could see a gnoll.

Vanquished Creatures
  2 gnolls (D:3)
  2 adders
  A worm (D:3)
  2 leopard geckos
  3 bats
  2 giant cockroaches (D:2)
  5 goblins
  3 hobgoblins
  3 jackals (D:1)
  A quokka (D:2)
  A frilled lizard (D:1)
  10 kobolds
  7 rats
42 creatures vanquished.

Notes
Turn   | Place    | Note
-------+----------+-------------------------------------------
     0 | D:1      | dngmouse the Minotaur Fighter began the quest for the Orb.
     0 | D:1      | Reached XP level 1. HP: 19/19 MP: 0/0
   140 | D:1      | Reached XP level 2. HP: 21/27 MP: 1/1
   165 | D:1      | Reached skill level 3 in Axes
   546 | D:2      | Found a blossoming altar of Fedhas.
   588 | D:2      | Reached XP level 3. HP: 33/33 MP: 2/2
   684 | D:2      | Reached skill level 4 in Axes
   989 | D:3      | Found a shattered altar of Ashenzari.
   989 | D:3      | Found a hide-covered altar of Uskayaw.
   993 | D:3      | Found a bloodstained altar of Trog.
   996 | D:3      | Found a basalt altar of Yredelemnul.
  1029 | D:3      | Reached skill level 5 in Axes
  1029 | D:3      | Reached XP level 4. HP: 12/40 MP: 3/3
  1060 | D:3      | Slain by a gnoll

Skill      XL: |  1  2  3 |
---------------+----------+-----
Fighting       | 4 |  4.0
Axes           | 3 5 |  5.2
Armour         | |  3.6
Shields        | |  3.6

Action                   |  1- 3 |  4- 6 || total
-------------------------+-------+-------++-------
Melee: War axe           |   146 |     5 ||   151
       Headbutt          |    13 |       ||    13
  Use: Scroll            |     7 |       ||     7
  Eat: Chunk             |     1 |       ||     1
Armor: Scale mail        |    75 |     2 ||    77
Dodge: Dodged            |    56 |     2 ||    58
Block: Shield            |    91 |     2 ||    93
